 Dungeon Crawl Stone Soup version 0.30-a0-1103-g25895a7845 (webtiles) character file.

Game seed: 1496035285049503574

265 BillyBaka the Magician (level 6, -3/45 HPs)
             Began as a Djinni Fire Elementalist on Apr 18, 2023.
             Slain by Pikel
             ... wielding a +2 whip of flaming
              (9 damage)
             ... on level 4 of the Dungeon.
             The game lasted 00:21:36 (3257 turns).

BillyBaka the Magician (Djinni Fire Elementalist)   Turns: 3257, Time: 00:21:39

Health: -3/45      AC:  5    Str:  7    XL:     6   Next: 44%
Gold:   207        EV: 13    Int: 18    God:
                   SH:  0    Dex: 14

rFire   + + .      SeeInvis .    l - +1 dagger (protect)
rCold   x . .      Faith    .    (no shield)
rNeg    + . .      Spirit   .    a - +0 robe
rPois   ∞          Reflect  .    d - +1 helmet
rElec   .          Rampage  .    (no cloak)
rCorr   .                        c - +0 pair of gloves
Will    .....                    (boots unavailable)
Stlth   ++                       (no amulet)
HPRegen 0.27/turn                q - ring of positive energy
MPRegen 0.00/turn                (no ring)

@: flying
A: sickness immunity, fire resistance 2, cold vulnerability 1, float, innate
caster, HP casting, extra vitality 1
a: no special abilities


You were on level 4 of the Dungeon.
You visited 1 branch of the dungeon, and saw 4 of its levels.
You also visited: Sewer.

You collected 207 gold pieces.

Inventory:

Hand Weapons
 l - a +1 dagger of protection (weapon)
Missiles
 j - a throwing net
Armour
 a - a +0 robe (worn)
 c - a +0 pair of gloves (worn)
 d - a +1 helmet (worn)
Jewellery
 q - a ring of positive energy (left hand)
Wands
 t - a wand of flame (27)
 v - a wand of mindburst (10)
Scrolls
 e - 2 scrolls of poison {unknown}
 g - a scroll of enchant armour {unknown}
 h - 3 scrolls of silence {unknown}
 k - 3 scrolls of teleportation {unknown}
 m - 3 scrolls of identify {unknown}
 n - a scroll of fear {unknown}
 p - a scroll of fog {unknown}
 r - 3 scrolls of blinking {unknown}
 s - 2 scrolls of enchant weapon {unknown}
 u - a scroll of amnesia {unknown}
Potions
 b - 3 potions of flight {unknown}
 f - 2 potions of curing {unknown}
 i - 2 potions of berserk rage {unknown}
 o - a potion of attraction {unknown}


   Skills:
 * Level 2.7 Fighting
 + Level 1.7 Armour
 + Level 3.2 Dodging
 + Level 2.4 Stealth
 * Level 3.5 Spellcasting
 + Level 1.1 Evocations


You knew the following spells:

 Your Spells              Type           Power      Damage    Failure   Level
a - Foxfire               Conj/Fire      60%        2x1d7     3%          1
b - Scorch                Fire           30%        2d6       5%          2
c - Volatile Blastmotes   Fire/Tloc      30%        2d12      11%         3
d - Inner Flame           Hex/Fire       15%        N/A       11%         3
e - Flame Wave            Conj/Fire      15%        2d7       36%         4
f - Magic Dart            Conj           60%        1d6       3%          1
g - Lesser Beckoning      Tloc           30%        N/A       5%          2
Your spell library was empty.

Dungeon Overview and Level Annotations

Branches:
Dungeon (4/15)              Sewer (visited)
 Temple: D:4-7

Altars:
Okawaru

Shops:
D:3 =

Annotations:
D:2 1 runed translucent door, Crazy Yiuf
D:4 Pikel


Innate Abilities, Weirdness & Mutations

You are immune to sickness and miasma.
You are immune to poison.
Your flesh is very heat resistant. (rF++)
You are vulnerable to cold. (rC-)
You float through the air rather than walking.
You learn spells naturally, not from books.
Your magical power is your life essence.
You have superior vitality. (+4 MHP)


Message History

Casting: Scorch (safe; 5% risk of failure)
Confirm with . or Enter, or press ? or * to list all spells.
You conjure some foxfire!
Pikel says, "You'll feel the lick of my whip!"
Casting: Foxfire (safe; 3% risk of failure)
Confirm with . or Enter, or press ? or * to list all spells.
Flames lash Pikel.
Pikel is burned terribly!
Pikel is severely wounded.
The foxfire hits Pikel!
Pikel is burned terribly!
Pikel is severely wounded.
The foxfire hits Pikel!
Pikel is burned terribly!
Pikel is almost dead.
The foxfire hits Pikel but does no damage.
Pikel is almost dead.
Pikel says, "You'll make a fine lemure."
Pikel hits you with a +2 whip of flaming!
Pikel burns you.
Casting: Scorch (safe; 5% risk of failure)
Confirm with . or Enter, or press ? or * to list all spells.
Flames lash the lemure.
The lemure is lightly wounded.
The lemure's fire resistance burns away.
Pikel hits you with a +2 whip of flaming.
Casting: Scorch (safe; 5% risk of failure)
Confirm with . or Enter, or press ? or * to list all spells.
You conjure some foxfire!
Pikel hits you with a +2 whip of flaming!
* * * LOW HITPOINT WARNING * * *
The foxfire hits Pikel but does no damage.
Pikel is almost dead.
The foxfire hits Pikel but does no damage.
Pikel is almost dead.
Casting: Foxfire (safe; 3% risk of failure)
Confirm with . or Enter, or press ? or * to list all spells.
Flames lash the lemure.
The lemure is moderately wounded.
The lemure's fire resistance burns away.
* * * LOW HITPOINT WARNING * * *
Pikel hits you with a +2 whip of flaming!
You die...

## .# .# .#
##.#####.# ..555.55§#
#K§# #@.# #..#
######### #..#
##~~.~.~~###..#
#÷#######.#...#
#~##~.~~#~##.##
#####~#.###~#÷##.#
..##~#~#.#÷#~##.###
#.##~#~#~#~#~##...###


You could see Pikel (combustible) and 2 lemures.

Vanquished Creatures
  Pargi (Sewer)
  4 gnolls (D:3)
  A river rat (D:4)
  6 adders
  A worm (D:2)
  A dart slug (D:2)
  8 ball pythons
  5 bats
  6 endoplasms
  A giant cockroach (D:3)
  4 goblins (D:1)
  8 hobgoblins
  2 jackals (D:2)
  12 kobolds
  A quokka (D:2)
  2 frilled lizards
  3 rats
66 creatures vanquished.

Vanquished Creatures (others)
  69 foxfires
69 creatures vanquished.

Grand Total: 135 creatures vanquished

Notes
Turn   | Place    | Note
-------+----------+-------------------------------------------
     0 | D:1      | BillyBaka the Djinni Fire Elementalist began the quest for
                  | the Orb.
     0 | D:1      | BillyBaka set off with the following spells memorised:
                  | Foxfire, Scorch, Volatile Blastmotes, Inner Flame, Flame
                  | Wave.
     0 | D:1      | Reached XP level 1. HP: 15/15 MP: 0/0
   142 | D:1      | Reached XP level 2. HP: 20/22 MP: 0/0
   319 | D:1      | Found a faded altar of an unknown god.
   562 | D:2      | Reached skill level 1 in Fighting
   562 | D:2      | Reached XP level 3. HP: 23/27 MP: 0/0
   562 | D:2      | Learned a level 1 spell: Magic Dart
  1066 | D:2      | Reached XP level 4. HP: 14/32 MP: 0/0
  1563 | D:2      | Found a runed translucent door.
  1564 | D:2      | Noticed Crazy Yiuf
  1714 | D:3      | Found Ikol Yda's Jewellery Emporium.
  1783 | D:3      | Reached skill level 1 in Armour
  1800 | D:3      | Found an iron altar of Okawaru.
  2581 | D:3      | Reached XP level 5. HP: 8/38 MP: 0/0
  2581 | D:3      | Learned a level 2 spell: Lesser Beckoning
  2910 | D:4      | Found a glowing drain.
  2919 | Sewer    | Entered a sewer
  2931 | Sewer    | Noticed Pargi
  2938 | Sewer    | Killed Pargi
  2939 | Sewer    | Reached skill level 1 in Evocations
  2939 | Sewer    | Reached XP level 6. HP: 14/45 MP: 0/0
  3248 | D:4      | Noticed Pikel
  3257 | D:4      | Slain by Pikel

Illustrated notes

Levels and vault maps discovered:
D:1:      ncdulo_lavacross, layout_rooms, basic_ecumenical_altar
D:2:      layout_basic, minmay_fractal_squares_gapless_5,
          uniq_crazy_yiuf_cottage
D:3:      layout_loops_corners, mainiacjoe_overflow_six_doors_small,
          serial_shops, shop
D:4:      dreamdust_elfheim, layout_loops_ring, minmay_temple_entry_tees,
          gup_sewer_entry_spiral, uniq_sigmund, uniq_pikel

Skill      XL: |  1  2  3  4  5 |
---------------+----------------+-----
Fighting       | 1 2 |  2.7
Stealth        | 2 |  2.4
Spellcasting   | 3 |  3.5
Armour         | 1 |  1.7
Dodging        | 3 |  3.2
Evocations     | 1 |  1.1

Action                     |  1- 3 |  4- 6 || total
---------------------------+-------+-------++-------
   Cast: Foxfire           |    30 |     9 ||    39
         Scorch            |    13 |    33 ||    46
         Magic Dart        |    15 |    55 ||    70
         Volatile Blastmot |     3 |       ||     3
 Armour: Robe              |       |    10 ||    10
  Dodge: Dodged            |     1 |    15 ||    16

Table legend: (Time is in decaauts)
 A = Elapsed time spent in this place.
 B = Non-inter-level travel time spent in this place.
 C = Inter-level travel time spent in this place.
 D = Time resting spent in this place.
 E = Time spent auto-exploring this place.
 F = Levels seen in this place.
 G = Mean time per level.
                   A        B        C        D        E       F      G
               +--------+--------+--------+--------+--------+-----+--------+
         Total |   3254 |   3159 |     95 |    464 |   2084 |   5 |  650.8 |
       Dungeon |   3004 |   2909 |     95 |    351 |   2084 |   4 |  751.0 |
         Sewer |    249 |    249 |      0 |    113 |      0 |   1 |  249.0 |
               +--------+--------+--------+--------+--------+-----+--------+

Top non-repeatable levels by time:
     D:3: 1185 daAuts
     D:2: 1072 daAuts
     D:1: 553 daAuts
   Sewer: 249 daAuts
     D:4: 192 daAuts
